 Dungeon Crawl Stone Soup version 0.29-a0-283-ga02f740833 (webtiles) character file.

Game seed: 6618816392108166315

945 PaleWalker the Covered (level 8, -4/60 HPs)
             Began as a Gnoll Wanderer on Mar 13, 2022.
             Was a Believer of the Shining One.
             Slain by an acid dragon (8 damage)
             ... on level 5 of the Dungeon.
             The game lasted 00:17:35 (6262 turns).

PaleWalker the Covered (Gnoll Wanderer)             Turns: 6262, Time: 00:17:35

Health: -4/60      AC:  9    Str: 13    XL:     8   Next: 13%
Magic:  22/23      EV:  9    Int: 16    God:    the Shining One [**....]
Gold:   305        SH: 11    Dex:  8    Spells: 14/15 levels left

rFire   + . .      SeeInvis .   a - +1 whip
rCold   . . .      Faith    .   k - +0 buckler
rNeg    + . .      Spirit   .   r - +2 scale mail {rF+}
rPois   .          Reflect  .   j - +0 helmet
rElec   .          Harm     .   x - +0 cloak
rCorr   .          Rampage  .   f - +0 pair of gloves
Will    .....                   (no boots)
Stlth   +.........              (no amulet)
HPRegen 0.20/turn               n - ring of willpower
MPRegen 0.18/turn               y - ring of magical power

@: divinely shielded, weak-willed, corroded, glowing
A: fangs 1, strong nose, distributed training
a: Renounce Religion, Divine Shield


You were on level 5 of the Dungeon.
You worshipped the Shining One.
The Shining One was pleased with you.
You visited 1 branch of the dungeon, and saw 5 of its levels.

You collected 305 gold pieces.

Inventory:

Hand Weapons
 a - a +1 whip (weapon)
Missiles
 g - 6 poisoned darts
Armour
 f - a +0 pair of gloves (worn)
 j - a +0 helmet (worn)
 k - a +0 buckler (worn)
 r - a +2 scale mail of fire resistance (worn)
 x - a +0 cloak (worn)
Jewellery
 n - a ring of willpower (left hand)
 y - a ring of magical power (right hand)
Wands
 d - a wand of flame (22)
 q - a wand of iceblast (15)
 t - a wand of polymorph (8)
Scrolls
 e - 3 scrolls of immolation
 i - 2 scrolls of identify
Potions
 h - a potion of attraction
 l - 2 potions of lignification
 m - a potion of mutation
 o - a potion of curing
 p - a potion of heal wounds {unknown}
 s - a potion of degeneration {unknown}
 w - 2 potions of haste {unknown}
 z - a potion of might {unknown}
 A - a potion of brilliance {unknown}
Miscellaneous
 b - a piece from Xom's chessboard (14/15)


   Skills:
 + Level 4.0 Fighting
 + Level 3.0 Short Blades
 + Level 3.0 Long Blades
 + Level 3.0 Axes
 + Level 3.0 Maces & Flails
 + Level 3.0 Polearms
 + Level 3.0 Staves
 + Level 3.0 Slings
 + Level 3.0 Bows
 + Level 3.0 Crossbows
 + Level 3.0 Throwing
 + Level 7.2 Armour
 + Level 4.0 Dodging
 + Level 3.0 Stealth
 + Level 3.0 Shields
 + Level 3.0 Unarmed Combat
 + Level 4.1 Spellcasting
 + Level 4.5 Conjurations
 + Level 2.4 Hexes
 + Level 2.4 Summonings
 + Level 2.4 Necromancy
 + Level 2.4 Translocations
 + Level 2.4 Transmutations
 + Level 2.4 Fire Magic
 + Level 2.4 Ice Magic
 + Level 2.4 Air Magic
 + Level 2.4 Earth Magic
 + Level 2.4 Poison Magic
 + Level 3.3 Invocations
 + Level 5.5 Evocations


You had 14 spell levels left.
You knew the following spells:

 Your Spells              Type           Power      Damage    Failure   Level
a - Magic Dart            Conj           68%        1d6       13%         1

Your spell library contained the following spells:

 Spells                   Type           Power      Damage    Failure   Level
 Pain                     Necr           44%        1d6       32%         1
 Conjure Flame            Conj/Fire      14%        6-21      52%         3
 Agony                    Necr           11%        N/A       100%        5
 Excruciating Wounds      Necr           5%         N/A       100%        5


Dungeon Overview and Level Annotations

Branches:
Dungeon (5/15)             Temple (0/1) D:4

Altars:
The Shining One

Annotations:
D:2 1 runed translucent door, Crazy Yiuf
D:3 1 runed translucent door, Patoropollo's ghost, amateur HuHu


Innate Abilities, Weirdness & Mutations

You have very sharp teeth.
Your uncanny sense of smell can sniff out nearby items.
Your experience applies equally to all skills.


Message History

Okay, then.
As you read the scroll labelled ELIBEF KUPUJE, it crumbles to dust.
The adder hisses angrily.
Magic quickly surges around you.
It was a scroll of vulnerability.
The acid dragon bites you.
* * * LOW HITPOINT WARNING * * *
The acid dragon claws you but does no damage.
You block the gnoll sergeant's attack.
As you read the scroll labelled OLIREGRYUQ, it crumbles to dust.
You hear a loud clanging noise!
It was a scroll of noise.
You hear a shout!
You hear an angry hiss.
The acid dragon bites you.
* * * LOW HITPOINT WARNING * * *
You block the acid dragon's attack.
A scorpion comes into view.
You block the gnoll sergeant's attack.
Hit: a) +1 whip
Press: ? - help, Dir - move target, f/p - acid dragon
Aim: an acid dragon (moderately wounded, weak-willed, haloed, about 22% to evade your +1 whip)
Okay, then.
You make a move on Xom's chessboard...
The adder barely resists.
You block the acid dragon's attack.
The acid dragon claws you but does no damage.
The gnoll sergeant hits you from afar with a +0 trident!
* * * LOW HITPOINT WARNING * * *
You open the door.
A gnoll comes into view. It is wielding a +0 club.
The gnoll shouts!
The acid dragon spits acid at you. The splash of acid hits you.
* * * LOW HITPOINT WARNING * * *
The acid corrodes you!
Found a stone staircase leading up.
You hit the gnoll.
The gnoll is moderately wounded.
You block the acid dragon's attack.
The acid dragon claws you but does no damage.
The gnoll closely misses you. The acid dragon bites you!
You die...

...##... # # #..##..# # ..
..##..# # ##' #..#..#########
#.......# #s.#...........
.......# #..#.###..###.# .......
......####s...###...#... ......g
......g@DSg.........#..# .......
......####g#..##.#..#..# .......
..<.?.####.##>......#... .......
####+##....##....##.#..# .......
#....#g#####.#####.#.##
.......###....#.# #.#####.#.##
.........g....g.# #...†...#.##
##########..g.############..#.##
#...............#..#...


You could see an acid dragon (weak-willed), a gnoll sergeant (weak-willed), a
scorpion, 2 gnolls and an adder (weak-willed).

Vanquished Creatures
  2 phantoms
  A necrophage (D:4)
  5 scorpions
  A killer bee (D:4)
  2 howler monkeys (D:4)
  A hound (D:4)
  A jelly (D:4)
  2 orc priests
  Jessica (D:3)
  Ijyb (D:3)
  Terence (D:3)
  An orc wizard (D:4)
  3 adders
  A worm (D:2)
  A dart slug (D:1)
  7 orcs
  8 bats
  7 endoplasms
  2 giant cockroaches (D:2)
  6 goblins
  9 hobgoblins
  2 jackals (D:2)
  8 kobolds
  3 quokkas
  4 ball pythons
  3 frilled lizards
  3 rats (D:1)
86 creatures vanquished.

Vanquished Creatures (others)
  2 withered plants (D:3)
2 creatures vanquished.

Grand Total: 88 creatures vanquished

Notes
Turn   | Place    | Note
-------+----------+-------------------------------------------
     0 | D:1      | PaleWalker the Gnoll Wanderer began the quest for the Orb.
     0 | D:1      | PaleWalker set off with the following items: a +0 club, a
                  | piece from Xom's chessboard (15/15), a scroll of blinking,
                  | a +2 scale mail; and the following spell memorised: Magic
                  | Dart; and the following spells available to memorise:
                  | Conjure Flame
     0 | D:1      | Reached XP level 1. HP: 17/17 MP: 4/4
   299 | D:1      | Reached XP level 2. HP: 23/23 MP: 2/5
   515 | D:1      | Found a faded altar of an unknown god.
   542 | D:1      | Prayed at the altar of an unknown god.
   542 | D:1      | Became a worshipper of the Shining One
   542 | D:1      | Reached * piety under the Shining One
   864 | D:1      | Reached XP level 3. HP: 28/28 MP: 7/7
  1231 | D:2      | Reached skill level 1 in Invocations
  1436 | D:2      | Reached skill level 1 in Short Blades
  1436 | D:2      | Reached skill level 1 in Long Blades
  1436 | D:2      | Reached skill level 1 in Axes
  1436 | D:2      | Reached skill level 1 in Maces & Flails
  1436 | D:2      | Reached skill level 1 in Polearms
  1436 | D:2      | Reached skill level 1 in Staves
  1436 | D:2      | Reached skill level 1 in Slings
  1436 | D:2      | Reached skill level 1 in Bows
  1436 | D:2      | Reached skill level 1 in Crossbows
  1436 | D:2      | Reached skill level 1 in Throwing
  1436 | D:2      | Reached skill level 1 in Stealth
  1436 | D:2      | Reached skill level 1 in Shields
  1436 | D:2      | Reached skill level 1 in Unarmed Combat
  2140 | D:2      | Reached XP level 4. HP: 34/34 MP: 6/8
  2241 | D:2      | Found a runed translucent door.
  2242 | D:2      | Noticed Crazy Yiuf
  2657 | D:3      | Noticed Terence
  2699 | D:3      | Killed Terence
  2700 | D:3      | Reached skill level 1 in Hexes
  2700 | D:3      | Reached skill level 1 in Summonings
  2700 | D:3      | Reached skill level 1 in Necromancy
  2700 | D:3      | Reached skill level 1 in Translocations
  2700 | D:3      | Reached skill level 1 in Transmutations
  2700 | D:3      | Reached skill level 1 in Fire Magic
  2700 | D:3      | Reached skill level 1 in Ice Magic
  2700 | D:3      | Reached skill level 1 in Air Magic
  2700 | D:3      | Reached skill level 1 in Earth Magic
  2700 | D:3      | Reached skill level 1 in Poison Magic
  3193 | D:3      | Noticed Ijyb
  3216 | D:3      | Killed Ijyb
  3217 | D:3      | Reached XP level 5. HP: 30/40 MP: 6/9
  3474 | D:3      | Found a runed translucent door.
  3474 | D:3      | Noticed Patoropollo's ghost (amateur HuHu)
  3639 | D:3      | Reached ** piety under the Shining One
  3849 | D:3      | Noticed Jessica
  3861 | D:3      | Killed Jessica
  3902 | D:3      | Noticed a phantom
  3928 | D:3      | Killed a phantom
  3929 | D:3      | Reached XP level 6. HP: 26/47 MP: 9/11
  4401 | D:4      | Reached skill level 5 in Evocations
  4638 | D:4      | Reached XP level 7. HP: 33/52 MP: 9/12
  4798 | D:4      | Reached skill level 7 in Armour
  4978 | D:4      | Found a staircase to the Ecumenical Temple.
  5645 | D:5      | Entered Level 5 of the Dungeon
  6018 | D:5      | Reached XP level 8. HP: 46/60 MP: 14/14
  6261 | D:5      | HP: 3/60 [acid dragon/splash of acid (4)]
  6262 | D:5      | Slain by an acid dragon

Illustrated notes

Levels and vault maps discovered:
D:1:      scummos_arrival_simple_fountains, layout_basic,
          dreamdust_ecumenical_altar_statues
D:2:      layout_basic, uniq_crazy_yiuf_cottage
D:3:      layout_basic, gammafunk_ghost_grave, uniq_jessica, uniq_ijyb,
          uniq_terence
D:4:      layout_basic, minmay_temple_entry_glass, kennysheep_generic_room_12
D:5:      layout_basic, minitemple, uniq_edmund

Skill      XL: |  1  2  3  4  5  6  7  8 |
---------------+-------------------------+-----
Invocations    | 1 2 3 |  3.3
Short Blades   | 1 2 3 |  3.0
Long Blades    | 1 2 3 |  3.0
Axes           | 1 2 3 |  3.0
Maces & Flails | 1 2 3 |  3.0
Polearms       | 1 2 3 |  3.0
Staves         | 1 2 3 |  3.0
Slings         | 1 2 3 |  3.0
Bows           | 1 2 3 |  3.0
Crossbows      | 1 2 3 |  3.0
Throwing       | 1 2 3 |  3.0
Stealth        | 1 2 3 |  3.0
Shields        | 1 2 3 |  3.0
Unarmed Combat | 1 2 3 |  3.0
Spellcasting   | 3 4 |  4.1
Hexes          | 1 2 |  2.4
Summonings     | 1 2 |  2.4
Necromancy     | 1 2 |  2.4
Translocations | 1 2 |  2.4
Transmutations | 1 2 |  2.4
Fire Magic     | 1 2 |  2.4
Ice Magic      | 1 2 |  2.4
Air Magic      | 1 2 |  2.4
Earth Magic    | 1 2 |  2.4
Poison Magic   | 1 2 |  2.4
Fighting       | 3 4 |  4.0
Dodging        | 3 4 |  4.0
Conjurations   | 4 |  4.5
Evocations     | 5 |  5.5
Armour         | 7 |  7.2

Action                   |  1- 3 |  4- 6 |  7- 9 || total
-------------------------+-------+-------+-------++-------
Melee: Club              |    22 |       |       ||    22
       Whip              |    74 |   138 |   147 ||   359
       Bite              |     7 |    17 |    19 ||    43
Throw: Dart              |       |     1 |       ||     1
 Cast: Magic Dart        |    51 |    45 |    33 ||   129
Invok: Divine Shield     |       |       |     1 ||     1
Evoke: Piece from Xom's  |       |     6 |     2 ||     8
       Wand              |       |     4 |     2 ||     6
  Use: Scroll            |       |     5 |     3 ||     8
       Potion            |       |       |     1 ||     1
Armor: Scale mail        |    53 |    66 |    75 ||   194
Dodge: Dodged            |    37 |    56 |    54 ||   147
Block: Buckler           |       |    14 |    41 ||    55

Table legend: (Time is in decaauts)
 A = Elapsed time spent in this place.
 B = Non-inter-level travel time spent in this place.
 C = Inter-level travel time spent in this place.
 D = Time resting spent in this place.
 E = Time spent auto-exploring this place.
 F = Levels seen in this place.
 G = Mean time per level.
                   A        B        C        D        E       F      G
               +--------+--------+--------+--------+--------+-----+--------+
         Total |   6285 |   6196 |     89 |    155 |   5031 |   5 | 1257.0 |
       Dungeon |   6285 |   6196 |     89 |    155 |   5031 |   5 | 1257.0 |
               +--------+--------+--------+--------+--------+-----+--------+

Top non-repeatable levels by time:
     D:3: 1614 daAuts
     D:4: 1600 daAuts
     D:2: 1580 daAuts
     D:1: 1052 daAuts
     D:5: 437 daAuts
